Map: 2000 Atmospheres LE

Players

Pumba - Winner!

  • Race: Zerg Zerg
  • League: Silver

Hokesh

  • Race: Terran Terran
  • League: Master

VOD

Have the link to the VOD?

Description

Time

  • Played on: July 27, 2021, 7:21 p.m.
  • Length: 7:53
Show
View Real Time Build Order
Export as new Build Order

Pumba Zerg - Winner!

Build Orders: Pool First 

Get SALT Encoding   

  12  0:00  Drone  
  13  0:12  Overlord  
  13  0:18  Drone  
  14  0:32  Drone x2  
  16  0:35  Drone  
  17  0:45  Spawning Pool  
  17  0:48  Drone  
  17  1:10  Hatchery  
  16  1:12  Drone  
  16  1:15  Extractor  
  16  1:21  Drone x2  
  18  1:29  Drone  
  19  1:34  Queen  
  21  1:42  Overlord  
  21  1:52  Drone  
  22  2:07  Drone  
  23  2:10  Queen  
  23  2:15  Metabolic Boost  
  25  2:25  Drone x2  
  25  2:26  Drone  
  28  2:32  Zergling x2  
  28  2:35  Overlord  
  29  2:43  Overlord  
  29  2:53  Drone  
  29  2:54  Drone x3  
  29  2:56  Drone  
  34  3:07  Drone x2  
  34  3:10  Roach Warren  
  35  3:26  Drone x7  
  42  3:27  Overlord  
  42  3:36  Overlord  
  42  3:37  Overlord  
  41  3:43  Extractor, Lair  
  41  3:44  Extractor  
  41  3:45  Extractor  
  38  3:50  Zergling x4  
  40  3:57  Drone x2  
  40  3:58  Drone  
  40  4:00  Drone x3  
  46  4:29  Drone  
  46  4:30  Drone x3  
  50  4:33  Roach x7  
  50  4:34  Overlord  
  64  4:58  Roach x3  
  64  4:59  Roach x2  
  75  5:00  Roach  
  75  5:01  Overlord x4  
  75  5:11  Glial Reconstitution  
  75  5:13  Overseer  
  75  5:31  Roach x10  
  95  5:44  Overlord x2  
  95  5:45  Hatchery  
  94  5:51  Queen  
  96  6:01  Overlord x4  
  104  6:04  Roach x4  
  104  6:17  Roach x2  
  108  6:35  Roach x7  
  122  6:49  Overlord x2  
  122  7:06  Roach x9  
Show
View Real Time Build Order
Export as new Build Order

Hokesh Terran 

Build Orders:  

Get SALT Encoding   

  12  0:01  SCV  
  13  0:14  SCV  
  14  0:18  Supply Depot  
  14  0:26  SCV  
  15  0:39  SCV  
  15  0:40  Barracks  
  16  0:51  SCV  
  16  0:52  Supply Depot  
  16  0:55  Refinery  
  17  1:04  SCV  
  18  1:05  Refinery  
  18  1:16  SCV  
  19  1:28  Marine  
  19  1:31  Orbital Command  
  20  1:46  Marine  
  21  1:47  Factory  
  21  1:56  SCV  
  22  2:11  Barracks Tech Lab  
  22  2:26  SCV  
  23  2:38  Infernal Pre-Igniter, SCV  
  23  2:40  Barracks Reactor, Hellion  
  26  2:52  Command Center  
  26  2:54  SCV  
  27  2:59  Supply Depot  
  27  3:01  Hellion  
  29  3:06  SCV  
  30  3:21  Supply Depot  
  30  3:26  Hellion, Marine x2  
  34  3:44  Marine x2  
  34  3:45  Supply Depot  
  36  4:12  Orbital Command  
  36  4:20  Hellion x2  
  36  4:21  Supply Depot, Marine  
  36  4:23  Stimpack  
  41  4:39  Marine  
  41  4:42  Hellion x2  
  41  4:43  Supply Depot  
  46  4:49  Orbital Command  
  46  4:54  SCV  
  46  4:57  Marauder  
  49  5:06  SCV  
  48  5:17  SCV  
  48  5:18  SCV, Marine  
  48  5:20  Widow Mine x2  
  55  5:29  Starport, SCV  
  55  5:30  SCV  
  57  5:37  Marauder  
  57  5:39  Engineering Bay  
  57  5:41  SCV  
  57  5:42  Widow Mine, SCV  
  63  5:43  Engineering Bay  
  63  5:53  SCV  
  63  5:54  SCV  
  65  5:57  Refinery  
  65  5:58  Marauder  
  65  5:59  Refinery  
  65  6:02  Combat Shield  
  67  6:05  SCV  
  67  6:06  SCV  
  69  6:18  SCV  
  70  6:20  Factory Reactor  
  70  6:28  Barracks  
  70  6:30  Barracks  
  70  6:33  SCV x2  
  72  6:42  Medivac x2  
  72  6:45  SCV x2  
  78  6:49  Supply Depot  
  78  6:50  Supply Depot  
  78  6:55  Supply Depot  
  78  6:57  SCV x2  
  80  7:02  Marauder  
  80  7:05  Factory Tech Lab  
  82  7:12  Supply Depot  
  82  7:13  Supply Depot  
  82  7:19  Supply Depot  
  70  7:23  Marauder  
Tags
 
Add a new tag
Caveats
  • Supply blocks, unpowered buildings, or Contaminate may cause inaccurate times.
  • Supply counts are checked every 10 seconds.